 Dungeon Crawl Stone Soup version 0.25-a0-719-gde951dce62 (webtiles) character file.

Game seed: 13889258311913166162, levelgen mode: deterministic

763 MisterFreud the Nimble (level 7, -6/34 HPs)
             Began as a Felid Skald on Apr 5, 2020.
             Was an Elder of Uskayaw.
             Mangled by a two-headed ogre
             ... wielding a +0 giant club
              (7 damage)
             ... on level 8 of the Dungeon on Apr 6, 2020.
             The game lasted 00:22:17 (9606 turns).

MisterFreud the Nimble (Felid Skald)                Turns: 9606, Time: 00:22:18

Health: -6/34      AC:  2    Str:  8    XL:     7   Next: 51%
Magic:  8/15       EV: 25    Int: 14    God:    Uskayaw [****..]
Gold:   159        SH:  0    Dex: 17    Spells: 4/15 levels left
                                        Lives:  0   Deaths: 2

rFire    . . .     SeeInvis +     - Unarmed
rCold    . . .     Gourm    .   (shield unavailable)
rNeg     . . .     Faith    .   (armour unavailable)
rPois    .         Spirit   .   (helmet unavailable)
rElec    .         Reflect  .   (cloak unavailable)
rCorr    .         Harm     .   (gloves unavailable)
MR       +....                  (boots unavailable)
Stlth    ++++......             (no amulet)
HPRegen  0.11/turn              h - ring of wizardry
MPRegen  0.14/turn              m - +2 ring of evasion

@: quick
A: very small, no armour, no weapons or thrown items, stealth, claws 1, fangs 3,
see invisible, carnivore, speed 1, shaggy fur 2, slow metabolism 1, sharp paws
a: Stomp, Line Pass, Renounce Religion


You were on level 8 of the Dungeon.
You worshipped Uskayaw.
Uskayaw was noncommittal.
You were not hungry.

You visited 1 branch of the dungeon, and saw 9 of its levels.

You collected 378 gold pieces.
You spent 219 gold pieces at shops.

Inventory:

Jewellery
 h - a ring of wizardry (left paw)
 m - a +2 ring of evasion (right paw)
 o - a +3 ring of intelligence
 s - an uncursed ring of positive energy
 v - an uncursed ring of positive energy
 w - an uncursed ring of protection from fire
Wands
 i - a wand of iceblast (9)
Scrolls
 a - a scroll of amnesia
 c - 6 scrolls of teleportation
 f - a scroll of remove curse
 g - 8 scrolls of identify
 j - a scroll of enchant armour {unknown}
 k - 4 scrolls of blinking
 l - a scroll of immolation {unknown}
 r - a scroll of magic mapping
Potions
 d - 4 potions of stabbing
 e - 2 potions of flight
 n - 2 potions of haste
 p - a potion of ambrosia
 q - 2 potions of lignification
 t - a potion of might
 u - a potion of curing {unknown}
Comestibles
 b - 11 rations


   Skills:
 - Level 6.1 Fighting
 - Level 8.0 Dodging
 - Level 6.0 Stealth
 - Level 6.0 Unarmed Combat
 + Level 4.9 Spellcasting
 - Level 4.0 Charms


You had 4 spell levels left.
You knew the following spells:

 Your Spells              Type           Power        Failure   Level  Hunger
a - Infusion              Chrm           ##..         1%          1    None
b - Shroud of Golubria    Chrm/Tloc      #.....       4%          2    ##.....
c - Ozocubu's Armour      Chrm/Ice       #.......     9%          3    ###....
d - Blink                 Tloc           N/A          11%         2    ##.....
e - Mephitic Cloud        Conj/Pois/Air  #.......     21%         3    ###....

Your spell library contained the following spells:

 Spells                   Type           Power        Failure   Level  Hunger
 Song of Slaying          Chrm           ##......     1%          2    ##.....
 Magic Dart               Conj           #...         8%          1    None
 Summon Small Mammal      Summ           #...         8%          1    None
 Call Imp                 Summ           #.......     11%         2    ##.....
 Slow                     Hex            #.......     11%         2    ##.....
 Call Canine Familiar     Summ           #.......     21%         3    ###....
 Conjure Flame            Conj/Fire      #.......     21%         3    ###....
 Summon Guardian Golem    Hex/Summ       #.......     21%         3    ###....
 Summon Ice Beast         Ice/Summ       #.......     54%         4    ####...
 Summon Lightning Spire   Summ/Air       #.......     54%         4    ####...
 Spectral Weapon          Hex/Chrm       Unusable     N/A         3    N/A

Dungeon Overview and Level Annotations

Branches:
Dungeon (9/15)             Temple (0/1) D:7
   Lair: D:8-11         Orc: D:9-12

Altars:
Fedhas
Gozag
Kikubaaqudgha
Nemelex Xobeh
Okawaru
Qazlal
Ru
Uskayaw
Wu Jian
Yredelemnul

Shops:
D:4 *   D:5 ?   D:6 *}*[   D:7 *   D:9 [

Annotations:
D:9 Erolcha, Maggie


Innate Abilities, Weirdness & Mutations

You cannot wear armour.
You are incapable of wielding weapons or throwing items.
Your paws allow you to move quietly. (Stealth)
You have sharp claws.
You have razor-sharp teeth.
You have supernaturally acute eyesight. (SInv)
You are carnivorous and can eat meat at any time.
You cover ground quickly.
You are covered in thick fur. (AC +2)
You have a slow metabolism.
Your sharp claws are effective at attacking unaware monsters.


Message History

Things that are here:
a +0 whip; a cursed +0 leather armour You completely miss the two-headed ogre.
The two-headed ogre is lightly wounded.
You are no longer magically infusing your attacks.
The two-headed ogre closely misses you. The two-headed ogre misses you.
You scratch the two-headed ogre but do no damage.
The two-headed ogre is lightly wounded.
You barely miss the two-headed ogre.
The two-headed ogre is lightly wounded.
The two-headed ogre hits you with a +0 giant club!!
Ouch! That really hurt!
* * * LOW HITPOINT WARNING * * *
The two-headed ogre misses you.
You scratch the two-headed ogre but do no damage.
You claw the two-headed ogre.
The two-headed ogre is lightly wounded.
The two-headed ogre closely misses you.
The two-headed ogre hits you with a +0 giant spiked club!
You die...

#.## ##.#
##.# #.## #.#
. ##.# ..#
#.##
....####)#
.......O@##
..........##
#.....>...#
...#.......#
.........##.#
#.........
#.#
##....#####
## #..## #..#


You could see a two-headed ogre.

Vanquished Creatures
  2 water moccasins (D:5)
  2 orc warriors (D:7)
  An ice beast (D:7)
  4 ogres
  2 centaurs (D:5)
  2 scorpions
  A wyvern skeleton (D:6)
  A howler monkey (D:5)
  2 crimson imps
  A hound (D:6)
  A quasit (D:8)
  4 orc priests
  2 jellies
  A gnoll shaman (D:6)
  6 orc wizards
  4 worker ants
  4 hound skeletons
  8 gnolls
  3 adders
  4 shadow imps
  2 oozes
  An adder skeleton (D:4)
  2 adder zombies
  4 worms
  2 dart slugs
  6 leopard geckos
  43 orcs
  7 giant cockroaches
  4 goblins
  7 hobgoblins
  10 jackals
  10 kobolds
  2 quokkas (D:5)
  5 ball pythons
  6 bats
  3 frilled lizards (D:2)
  A jackal skeleton (D:7)
  A leopard gecko skeleton (D:6)
  2 quokka skeletons
  4 rats
177 creatures vanquished.

Vanquished Creatures (others)
  9 plants (D:8)
9 creatures vanquished.

Grand Total: 186 creatures vanquished

Notes
Turn   | Place    | Note
-------+----------+-------------------------------------------
     0 | D:1      | MisterFreud the Felid Skald began the quest for the Orb.
     0 | D:1      | Reached XP level 1. HP: 9/9 MP: 4/4
   335 | D:1      | Reached XP level 2. HP: 13/13 MP: 3/6
   339 | D:1      | Learned a level 2 spell: Shroud of Golubria
  1358 | D:2      | Reached XP level 3. HP: 17/17 MP: 0/7
  1766 | D:2      | Found a hide-covered altar of Uskayaw.
  1790 | D:2      | Became a worshipper of Uskayaw the Reveler
  1920 | D:3      | Reached * piety under Uskayaw
  2089 | D:3      | Reached ** piety under Uskayaw
  2092 | D:3      | Reached skill level 1 in Stealth
  2092 | D:3      | Reached XP level 4. HP: 5/22 MP: 0/8
  2467 | D:3      | Found a sparkling altar of Nemelex Xobeh.
  2492 | D:3      | Reached *** piety under Uskayaw
  2806 | D:3      | Reached skill level 4 in Dodging
  2806 | D:3      | Reached XP level 5. HP: 25/25 MP: 3/9
  2900 | D:3      | Learned a level 3 spell: Ozocubu's Armour
  3798 | D:4      | Found a blossoming altar of Fedhas.
  3828 | D:4      | Found an opulent altar of Gozag.
  3835 | D:4      | Found Gozag's Platinum Reserve.
  4033 | D:4      | Gained mutation: You are covered in thick fur. (AC +2)
                  | [Felid growth]
  4033 | D:4      | Reached XP level 6. HP: 28/28 MP: 2/10
  4098 | D:4      | Found an ornate altar of the Wu Jian Council.
  4223 | D:4      | Reached skill level 5 in Dodging
  4455 | D:4      | Reached **** piety under Uskayaw
  4645 | D:5      | Entered Level 5 of the Dungeon
  4646 | D:5      | Reached skill level 6 in Dodging
  4654 | D:5      | Noticed a water moccasin
  4656 | D:5      | Reached skill level 7 in Dodging
  4656 | D:5      | Reached XP level 7. HP: 4/32 MP: 11/11
  5072 | D:5      | Reached skill level 8 in Dodging
  5199 | D:5      | HP: 2/49 [poisoned by a water moccasin]
  5207 | D:5      | HP: 2/49 [poisoned by a water moccasin]
  5535 | D:5      | Reached skill level 5 in Stealth
  5535 | D:5      | Reached XP level 8. HP: 21/36 MP: 2/12
  5715 | D:5      | Reached skill level 5 in Unarmed Combat
  5749 | D:5      | Found a stormy altar of Qazlal.
  5834 | D:5      | You fall into a shaft and drop 2 floors!
  5922 | D:6      | Found an iron altar of Okawaru.
  5949 | D:6      | Reached skill level 5 in Fighting
  6133 | D:6      | Found Kodd's Gadget Shop.
  6264 | D:6      | Found a hide-covered altar of Uskayaw.
  6366 | D:6      | Found Malamudi's Armour Shop.
  6692 | D:5      | Found a basalt altar of Yredelemnul.
  6693 | D:5      | Found Coridama's Magic Scroll Shoppe.
  6703 | D:5      | Bought a scroll of blinking for 82 gold pieces
  6703 | D:5      | Bought a scroll of teleportation for 33 gold pieces
  6703 | D:5      | Bought a scroll of teleportation for 33 gold pieces
  6703 | D:5      | Bought a scroll of teleportation for 33 gold pieces
  6703 | D:5      | Bought a scroll of magic mapping for 38 gold pieces
  6885 | D:6      | Found Huromemi's Assorted Antiques.
  7292 | D:6      | Found Keilat's Assorted Antiques.
  7471 | D:7      | Found a sacrificial altar of Ru.
  7609 | D:7      | Learned a level 2 spell: Blink
  7613 | D:7      | Learned a level 3 spell: Mephitic Cloud
  7692 | D:7      | Slain by an ogre
  7693 | D:7      | Reached XP level 7. HP: -1/34 MP: 5/11
  7696 | D:7      | Upgraded the game from 0.25-a0-713-g4845790874 to
                  | 0.25-a0-719-gde951dce62
  7761 | D:7      | Reached XP level 8. HP: 38/38 MP: 12/14
  7860 | D:7      | Found an ancient bone altar of Kikubaaqudgha.
  7860 | D:7      | Found Cuhearyz's Blasphemy Boutique.
  8345 | D:7      | Found a staircase to the Ecumenical Temple.
  8443 | D:8      | Noticed a two-headed ogre
  8732 | D:8      | Noticed a two-headed ogre
  8913 | D:8      | Noticed a hippogriff
  9507 | D:9      | Noticed Maggie
  9520 | D:9      | Killed from afar by Maggie
  9521 | D:9      | Reached XP level 7. HP: -6/34 MP: 10/14
  9523 | D:9      | Noticed a kobold demonologist
  9524 | D:9      | Noticed a smoke demon
  9524 | D:9      | Noticed Erolcha
  9528 | D:9      | Noticed a yak
  9530 | D:9      | Noticed a yak
  9530 | D:9      | Noticed a yak
  9530 | D:9      | Noticed a yak
  9531 | D:9      | Noticed a yak
  9532 | D:9      | Found Ocejes's Antique Armour Shop.
  9532 | D:9      | Noticed a yak
  9605 | D:8      | HP: 1/34 [two-headed ogre/+0 giant club (28)]
  9606 | D:8      | Mangled by a two-headed ogre

Levels and vault maps discovered:
D:1:      dpeg_arrival_court, layout_loops_ring
D:2:      layout_loops_cross, lemuel_round_altar, nicolae_overflow_hidden_temple
D:3:      layout_loops_ring, nemelex_xobeh_ov_fountains_minmay,
          minmay_misc_feat_x, hangedman_decor_opposing
D:4:      layout_rooms, nicolae_gozag_zags_fifth_avenue,
          chequers_temple_overflow_statue_of_worship
D:5:      layout_rooms, nicolae_overflow_crystal_walls,
          yredelemnul_altar_generic, first_ration, serial_shops, shop
D:6:      layout_basic, okawaru_metal_pillars_1_2, basic_altar, serial_shops,
          nicolae_shop_trees, shop, nicolae_shop_stone, shop, minivault_19
D:7:      layout_loops_ring, old_standard_altar, minmay_temple_entry_fiery,
          nicolae_evil_shop
D:8:      layout_layer_cave, david_lair_shrubbed
D:9:      layout_rooms, nicolae_dithmenos_the_darkroom,
          overflow_temple_1_default, kennysheep_mini, serial_shops,
          nicolae_shop_stone, serial_glass, glass_columns_a, glass_columns_a,
          uniq_maggie, uniq_pikel, uniq_erolcha

Skill      XL: |  1  2  3  4  5  6  7  8 |
---------------+-------------------------+-----
Fighting       | 3 4 6 5 |  6.1
Stealth        | 1 2 3 4 5 6 |  6.0
Dodging        | 4 7 8 |  8.0
Unarmed Combat | 3 4 6 |  6.0
Charms         | 4 |  4.0
Spellcasting   | 3 4 |  4.9

Action                   |  1- 3 |  4- 6 |  7- 9 || total
-------------------------+-------+-------+-------++-------
Melee: Unarmed           |   122 |   255 |   307 ||   684
       Bite              |     5 |    21 |    35 ||    61
       Punch             |     4 |     2 |     4 ||    10
 Cast: Infusion          |     7 |    11 |    17 ||    35
       Shroud of Golubri |    12 |    17 |    21 ||    50
       Ozocubu's Armour  |       |     4 |     7 ||    11
       Mephitic Cloud    |       |       |     1 ||     1
  Use: Potion            |     2 |     2 |     1 ||     5
       Scroll            |       |     3 |     5 ||     8
 Stab: Sleeping          |     1 |     8 |    14 ||    23
       Paralysed         |       |     3 |     3 ||     6
       Distracted        |       |       |     2 ||     2
  Eat: Chunk             |     9 |     9 |    16 ||    34
Armor: Skin              |    13 |    12 |    17 ||    42
Dodge: Dodged            |   120 |   238 |   303 ||   661

Table legend:
 A = Non-vault XP
 B = Vault XP
 C = Vault XP percentage of total XP
 D = Non-vault monster count
 E = Vault monster count
 F = Vault count percentage of total count
                 A         B        C        D         E       F
            +---------+---------+-------+---------+---------+-------
      Total |    3048 |       0 |   0.0 |     177 |       0 |   0.0
            +---------+---------+-------+---------+---------+-------
        D:1 |      36 |       0 |   0.0 |      18 |       0 |   0.0
        D:2 |      26 |       0 |   0.0 |      12 |       0 |   0.0
        D:3 |     200 |       0 |   0.0 |      44 |       0 |   0.0
        D:4 |     402 |       0 |   0.0 |      28 |       0 |   0.0
        D:5 |    1014 |       0 |   0.0 |      25 |       0 |   0.0
        D:6 |     435 |       0 |   0.0 |      24 |       0 |   0.0
        D:7 |     748 |       0 |   0.0 |      18 |       0 |   0.0
        D:8 |     187 |       0 |   0.0 |       8 |       0 |   0.0
            +---------+---------+-------+---------+---------+-------
